 Dungeon Crawl Stone Soup version 0.30-a0-339-g89bb51ec76 (webtiles) character file.

Game seed: 8930815159358630469

338 Bravis the Firebug (level 6, -3/47 HPs)
             Began as a Gnoll Wanderer on Oct 31, 2022.
             Was an Initiate of Vehumet.
             Slain by a gnoll bouda
             ... wielding a +0 club
              (4 damage)
             ... on level 5 of the Dungeon.
             The game lasted 00:10:51 (4108 turns).

Bravis the Firebug (Gnoll Wanderer)                 Turns: 4108, Time: 00:10:53

Health: -3/47      AC:  5    Str:  9    XL:     6   Next: 55%
Magic:  0/11       EV: 14    Int: 13    God:    Vehumet [......]
Gold:   254        SH:  0    Dex: 14    Spells: 11/12 levels left

rFire   . . .      SeeInvis .    c - +0 dagger (holy)
rCold   + . .      Faith    .    (no shield)
rNeg    . . .      Spirit   .    e - +1 leather armour
rPois   .          Reflect  .    i - +0 helmet
rElec   .          Harm     .    (no cloak)
rCorr   .          Rampage  .    (no gloves)
Will    .....                    (no boots)
Stlth   ++........               (no amulet)
HPRegen 0.27/turn                a - ring of protection from cold
MPRegen 0.12/turn                (no ring)

@: brilliant, weakened, very slightly contaminated
A: fangs 1, strong nose, distributed training
a: Renounce Religion


You were on level 5 of the Dungeon.
You worshipped Vehumet.
Vehumet was noncommittal.
You visited 2 branches of the dungeon, and saw 6 of its levels.

You collected 254 gold pieces.

Inventory:

Hand Weapons
 c - a +0 dagger of holy wrath (weapon)
Armour
 e - a +1 leather armour (worn)
 i - a +0 helmet (worn)
Jewellery
 a - a ring of protection from cold (left hand)
Potions
 k - a potion of ambrosia {unknown}


   Skills:
 + Level 3.3 Fighting
 + Level 2.1 Short Blades
 + Level 2.1 Long Blades
 + Level 2.1 Axes
 + Level 2.1 Maces & Flails
 + Level 2.1 Polearms
 + Level 2.1 Staves
 + Level 2.1 Ranged Weapons
 + Level 2.1 Throwing
 + Level 3.3 Armour
 + Level 6.9 Dodging
 + Level 2.1 Stealth
 + Level 2.1 Shields
 + Level 2.1 Unarmed Combat
 + Level 3.5 Spellcasting
 + Level 1.6 Conjurations
 + Level 1.6 Hexes
 + Level 1.6 Summonings
 + Level 1.6 Necromancy
 + Level 1.6 Translocations
 + Level 1.6 Transmutations
 + Level 7.3 Fire Magic
 + Level 1.6 Ice Magic
 + Level 1.6 Air Magic
 + Level 1.6 Earth Magic
 + Level 1.6 Poison Magic
 + Level 2.3 Invocations
 + Level 2.1 Evocations


You had 11 spell levels left.
You knew the following spells:

 Your Spells              Type           Power      Damage    Failure   Level
a - Foxfire               Conj/Fire      84%        2x1d8     4%          1

Your spell library contained the following spells:

 Spells                   Type           Power      Damage    Failure   Level
 Inner Flame              Hex/Fire       21%        N/A       14%         3
 Summon Small Mammal      Summ           40%        N/A       16%         1
 Call Canine Familiar     Summ           10%        N/A       41%         3
 Gell's Gravitas          Tloc           10%        N/A       41%         3
 Lesser Beckoning         Tloc           20%        N/A       41%         3
 Summon Guardian Golem    Hex/Summ       10%        N/A       41%         3
 Teleport Other           Tloc           10%        N/A       41%         3


Dungeon Overview and Level Annotations

Branches:
Dungeon (5/15)             Temple (1/1) D:5

Altars:
Ashenzari
Cheibriados
Dithmenos
Elyvilon
Fedhas
Gozag
Hepliaklqana
Kikubaaqudgha
Makhleb
Nemelex Xobeh
Okawaru
Qazlal
Ru
Sif Muna
Trog
Uskayaw
Vehumet
Wu Jian
Xom
Yredelemnul
Zin
The Shining One

Annotations:
D:4 Dowan, Duvessa


Innate Abilities, Weirdness & Mutations

You have very sharp teeth.
Your uncanny sense of smell can sniff out nearby items.
Your experience applies equally to all skills.


Message History

The gnoll bouda misses you.
The gnoll bouda gazes fiercely through you!
You feel as though you will be weak longer.
There is a stone staircase leading up here.
The gnoll bouda misses you.
You climb upwards.
Level annotation: Dowan, Duvessa The orc shouts!
You hear a shout! x3
There is a stone staircase leading down here.
There are monsters nearby!
Casting: Foxfire (safe; 4% risk of failure)
Confirm with . or Enter, or press ? or * to list all spells.
You miscast Foxfire.
You are very lightly contaminated with residual magic.
Nothing appears to happen.
The gnoll bouda hits you with a +0 club.
* * * LOW HITPOINT WARNING * * *
The gnoll bouda hits you with a +0 club!
* * * LOW HITPOINT WARNING * * *
You climb downwards.
There is a stone staircase leading up here.
Your attacks no longer feel as feeble.
The gnoll bouda gazes fiercely through you!
You feel your attacks grow feeble.
The gnoll bouda gazes fiercely through you!
You feel as though you will be weak longer.
There is a stone staircase leading down here.
Casting: Foxfire (safe; 4% risk of failure)
Confirm with . or Enter, or press ? or * to list all spells.
You conjure some foxfire!
The gnoll bouda hits you with a +0 club.
* * * LOW HITPOINT WARNING * * *
It was a potion of brilliance.
You feel clever all of a sudden.
The foxfire hits the gnoll bouda.
The gnoll bouda is heavily wounded.
The foxfire hits the gnoll bouda but does no damage.
The gnoll bouda is heavily wounded.
The gnoll bouda hits you with a +0 club.
You die...

### ###### ### #.## ##....####
##.### ##[## #........###....#
#..## #ยง........#.....#
##..##*#@g............##
###..###..<............#
#..#..###........#.....#
#...#..######...##.....##
#......## ##..###.....#
#....#..## *#.## #.....#
##....#..###*..# #.....# ###
#.....#....##..#####.....
?.#######.................)..?.$.


You could see a gnoll bouda.

Vanquished Creatures
  An ogre (D:3)
  A necrophage (D:5)
  A jelly (D:5)
  An iguana (D:5)
  8 adders
  An ufetubus (D:5)
  4 orcs
  5 ball pythons
  5 endoplasms
  A giant cockroach (D:1)
  4 goblins
  4 hobgoblins
  7 jackals
  3 kobolds (D:1)
  2 quokkas
  7 bats
  A frilled lizard (D:2)
  4 rats (D:1)
60 creatures vanquished.

Vanquished Creatures (others)
  226 foxfires
226 creatures vanquished.

Grand Total: 286 creatures vanquished

Notes
Turn   | Place    | Note
-------+----------+-------------------------------------------
     0 | D:1      | Bravis the Gnoll Wanderer began the quest for the Orb.
     0 | D:1      | Bravis set off with the following items: a +0 dagger, 3
                  | throwing nets, a potion of lignification, a scroll of
                  | butterflies, a +0 leather armour; and the following spell
                  | memorised: Foxfire; and the following spells available to
                  | memorise: Inner Flame.
     0 | D:1      | Reached XP level 1. HP: 17/17 MP: 4/4
   351 | D:1      | Reached XP level 2. HP: 21/23 MP: 2/5
  1142 | D:2      | Reached XP level 3. HP: 28/28 MP: 2/7
  1365 | D:2      | Reached skill level 1 in Invocations
  1425 | D:2      | Reached skill level 1 in Short Blades
  1425 | D:2      | Reached skill level 1 in Long Blades
  1425 | D:2      | Reached skill level 1 in Axes
  1425 | D:2      | Reached skill level 1 in Maces & Flails
  1425 | D:2      | Reached skill level 1 in Polearms
  1425 | D:2      | Reached skill level 1 in Staves
  1425 | D:2      | Reached skill level 1 in Ranged Weapons
  1425 | D:2      | Reached skill level 1 in Throwing
  1425 | D:2      | Reached skill level 1 in Stealth
  1425 | D:2      | Reached skill level 1 in Shields
  1425 | D:2      | Reached skill level 1 in Unarmed Combat
  1425 | D:2      | Reached skill level 1 in Evocations
  1464 | D:2      | Reached XP level 4. HP: 33/34 MP: 3/8
  2152 | D:3      | Reached skill level 1 in Conjurations
  2152 | D:3      | Reached skill level 1 in Hexes
  2152 | D:3      | Reached skill level 1 in Summonings
  2152 | D:3      | Reached skill level 1 in Necromancy
  2152 | D:3      | Reached skill level 1 in Translocations
  2152 | D:3      | Reached skill level 1 in Transmutations
  2152 | D:3      | Reached skill level 1 in Ice Magic
  2152 | D:3      | Reached skill level 1 in Air Magic
  2152 | D:3      | Reached skill level 1 in Earth Magic
  2152 | D:3      | Reached skill level 1 in Poison Magic
  2230 | D:3      | Noticed an ogre
  2243 | D:3      | Killed an ogre
  2244 | D:3      | Reached XP level 5. HP: 41/41 MP: 4/9
  2344 | D:3      | Found a faded altar of an unknown god.
  2943 | D:4      | Noticed Dowan
  2945 | D:4      | Noticed Duvessa
  2969 | D:5      | Entered Level 5 of the Dungeon
  3021 | D:5      | Found a staircase to the Ecumenical Temple.
  3034 | Temple   | Entered the Ecumenical Temple
  3227 | Temple   | Became a worshipper of Vehumet
  3278 | D:5      | Found a white marble altar of Elyvilon.
  3280 | D:5      | Found a glowing silver altar of Zin.
  3284 | D:5      | Found a glowing golden altar of the Shining One.
  3306 | D:5      | Reached XP level 6. HP: 30/47 MP: 4/11
  3375 | D:5      | Found a stormy altar of Qazlal.
  3377 | D:5      | Found a bloodstained altar of Trog.
  3383 | D:5      | Found an iron altar of Okawaru.
  3386 | D:5      | Found a blossoming altar of Fedhas.
  3387 | D:5      | Found a sacrificial altar of Ru.
  3387 | D:5      | Found a shimmering blue altar of Sif Muna.
  3387 | D:5      | Found a hazy altar of Hepliaklqana.
  3390 | D:5      | Found a shadowy altar of Dithmenos.
  3391 | D:5      | Found an ancient bone altar of Kikubaaqudgha.
  3392 | D:5      | Found a snail-covered altar of Cheibriados.
  4107 | D:5      | HP: 1/47 [gnoll bouda/+0 club (5)]
  4108 | D:5      | Slain by a gnoll bouda

Illustrated notes

Levels and vault maps discovered:
D:1:      dpeg_arrival_radiant, layout_basic, minmay_tall_x
D:2:      layout_loops_cross, st_stairs_13, minmay_ruptured
D:3:      layout_loops_cross, hellmonk_ecumenical_altar_arch_garden
D:4:      layout_gridville, serial_shops, shop, gammafunk_ghost_necromancy,
          uniq_pikel, uniq_robin, uniq_duvessa
D:5:      layout_cave_pods, good_gods_mini_temple, minitemple,
          minmay_temple_entry_slanted, minmay_misc_feat_pillars,
          kennysheep_potato
Temple:   nicolae_temple_bog_church

Skill      XL: |  1  2  3  4  5  6 |
---------------+-------------------+-----
Invocations    | 1 2 |  2.3
Short Blades   | 1 2 |  2.1
Long Blades    | 1 2 |  2.1
Axes           | 1 2 |  2.1
Maces & Flails | 1 2 |  2.1
Polearms       | 1 2 |  2.1
Staves         | 1 2 |  2.1
Ranged Weapons | 1 2 |  2.1
Throwing       | 1 2 |  2.1
Stealth        | 1 2 |  2.1
Shields        | 1 2 |  2.1
Unarmed Combat | 1 2 |  2.1
Evocations     | 1 2 |  2.1
Spellcasting   | 3 |  3.5
Conjurations   | 1 |  1.6
Hexes          | 1 |  1.6
Summonings     | 1 |  1.6
Necromancy     | 1 |  1.6
Translocations | 1 |  1.6
Transmutations | 1 |  1.6
Ice Magic      | 1 |  1.6
Air Magic      | 1 |  1.6
Earth Magic    | 1 |  1.6
Poison Magic   | 1 |  1.6
Fighting       | 3 |  3.3
Armour         | 3 |  3.3
Dodging        | |  6.9
Fire Magic     | |  7.3

Action                   |  1- 3 |  4- 6 || total
-------------------------+-------+-------++-------
Melee: Dagger            |    25 |     6 ||    31
       Bite              |     2 |       ||     2
 Cast: Foxfire           |    50 |   108 ||   158
Evoke: Wand              |       |     1 ||     1
  Use: Scroll            |     2 |     8 ||    10
       Potion            |       |     2 ||     2
 Stab: Sleeping          |       |     1 ||     1
Armor: Leather armour    |     9 |    18 ||    27
Dodge: Dodged            |    30 |    43 ||    73

Table legend: (Time is in decaauts)
 A = Elapsed time spent in this place.
 B = Non-inter-level travel time spent in this place.
 C = Inter-level travel time spent in this place.
 D = Time resting spent in this place.
 E = Time spent auto-exploring this place.
 F = Levels seen in this place.
 G = Mean time per level.
                   A        B        C        D        E       F      G
               +--------+--------+--------+--------+--------+-----+--------+
         Total |   4118 |   3962 |    156 |      0 |   3382 |   6 |  686.3 |
       Dungeon |   3887 |   3775 |    112 |      0 |   3209 |   5 |  777.4 |
        Temple |    231 |    187 |     44 |      0 |    173 |   1 |  231.0 |
               +--------+--------+--------+--------+--------+-----+--------+

Top non-repeatable levels by time:
     D:2: 1009 daAuts
     D:1: 964 daAuts
     D:5: 918 daAuts
     D:3: 836 daAuts
  Temple: 231 daAuts
     D:4: 158 daAuts
